 Dungeon Crawl Stone Soup version 0.28.0-47-ge53b351184 (webtiles) character file.

Game seed: 16766328546488219047

3383 pkoi the Grappler (level 9, -1/64 (69) HPs)
             Began as a Demigod Gladiator on Apr 27, 2022.
             Shot with an arrow by a centaur warrior (10 damage)
             ... on level 10 of the Dungeon.
             The game lasted 00:13:19 (10949 turns).

pkoi the Grappler (Demigod Gladiator)              Turns: 10949, Time: 00:13:19

HP:   -1/64 (69)    AC: 12    Str: 19    XL:     9   Next: 46%
MP:   17/17         EV: 12    Int: 18    God:
Gold: 395           SH:  0    Dex: 15    Spells: 7/14 levels left

rFire   . . .      SeeInvis .     - Unarmed
rCold   . . .      Faith    .   (no shield)
rNeg    . . .      Spirit   .   k - +0 leather armour
rPois   .          Reflect  .   b - +0 helmet
rElec   .          Harm     .   z - +0 cloak
rCorr   .          Rampage  +   l - +2 pair of gloves {infuse}
Will    .....                   r - +2 pair of boots {rampage}
Stlth   +.........              (no amulet)
HPRegen 0.20/turn               (no ring)
MPRegen 0.15/turn               (no ring)

@: drained
A: high MP 1, forlorn, divine attributes, talons 1
a: no special abilities


You were on level 10 of the Dungeon.
You visited 2 branches of the dungeon, and saw 9 of its levels.

You collected 395 gold pieces.

Inventory:

Hand Weapons
 d - a +3 mace of venom
 e - a +0 war axe
 o - a +2 dagger of draining
 p - a +0 hunting sling
Missiles
 a - 6 silver javelins
 c - 3 throwing nets (quivered)
 q - 239 stones
 v - 3 boomerangs
Armour
 b - a +0 helmet (worn)
 k - a +0 leather armour (worn)
 l - a +2 pair of gloves of infusion (worn)
 r - a +2 pair of boots of rampaging (worn)
 u - a +0 plate armour
 z - a +0 cloak (worn)
Magical Staves
 j - a staff of cold
Wands
 h - a wand of acid (11)
 A - a wand of paralysis (9)
Scrolls
 f - 2 scrolls of teleportation
 w - a scroll of identify
 y - a scroll of amnesia
 C - a scroll of blinking {unknown}
 D - a scroll of torment {unknown}
Potions
 g - a potion of might {unknown}
 i - 2 potions of curing
 m - 2 potions of flight
 n - a potion of lignification
 s - a potion of brilliance
 t - a potion of invisibility
 x - 2 potions of heal wounds
 B - a potion of haste {unknown}


   Skills:
 - Level 3.0 Fighting
 - Level 1.7 Throwing
 + Level 6.0 Armour
 - Level 2.6 Dodging
 * Level 9.7 Unarmed Combat
 + Level 3.3 Spellcasting
 + Level 0.6 Summonings
 + Level 1.2 Transmutations
 + Level 1.2 Fire Magic
 + Level 1.2 Poison Magic
 + Level 2.3 Evocations


You had 7 spell levels left.
You knew the following spells:

 Your Spells              Type           Power      Damage    Failure   Level
a - Apportation           Tloc           6%         N/A       19%         1
b - Ignite Poison         Fire/Tmut/Pois 7%         N/A       32%         3
c - Call Canine Familiar  Summ           5%         N/A       38%         3

Your spell library contained the following spells:

 Spells                   Type           Power      Damage    Failure   Level
 Summon Small Mammal      Summ           20%        N/A       14%         1
 Animate Skeleton         Necr           6%         N/A       19%         1
 Magic Dart               Conj           12%        1d3       19%         1
 Call Imp                 Summ           5%         N/A       22%         2
 Corpse Rot               Necr/Air       6%         N/A       26%         2
 Mephitic Cloud           Conj/Pois/Air  4%         N/A       41%         3
 Portal Projectile        Hex/Tloc       6%         N/A       47%         3
 Dispel Undead            Necr           3%         3d7       87%         4
 Leda's Liquefaction      Hex/Erth       1%         N/A       87%         4
 Freezing Cloud           Conj/Ice/Air   1%         6-21      99%         5
 Death Channel            Necr           1%         N/A       100%        6
 Simulacrum               Ice/Necr       1%         N/A       100%        6
 Polar Vortex             Ice            1%         N/A       100%        9


Dungeon Overview and Level Annotations

Branches:
Dungeon (7/15)             Temple (1/1) D:6             Orc (0/2) D:10

Shops:
D:6 *   D:10 (

Annotations:
D:4 3 runed translucent doors, firemarshallily's ghost, weakling DsDe
D:7 Joseph
D:10 Maurice


Innate Abilities, Weirdness & Mutations

You have an increased reservoir of magic. (+10% MP)
You shall have no god before yourself.
Your divine heritage dramatically boosts your attributes as you level up.
You have sharp toenails.


Message History

You now have 382 gold pieces (gained 15).
Things that are here:
a +0 flail; a +0 scale mail; an orc corpse
There is a stone staircase leading down, spattered with blood here.
Key pressed, stopping explore.
Things that are here:
a +0 club; an orc corpse
D - a scroll labelled LITIM YZ KAD You now have 395 gold pieces (gained 13).
Things that are here:
a +0 flail; a +0 plate armour; an orc corpse
There is a broken door here.
You open the door.
There is an open door here.
Found a stone staircase leading up.
There is a stone staircase leading up here.
Maurice the Thief comes into view.
He is wielding a +0 short sword and carrying a wand of paralysis (5).
Maurice shouts!
A centaur warrior comes into view.
Maurice zaps a wand.
You suddenly lose the ability to move!
The centaur warrior shouts!
The centaur warrior wields a +0 shortbow.
The centaur warrior shoots an arrow.
The arrow hits you!
The centaur warrior shoots an arrow.
The arrow hits you!!
* * * LOW HITPOINT WARNING * * *
You hear two shouts!
You can move again.
Unknown command.
Unknown command.
The centaur warrior shoots an arrow.
The arrow hits you!
* * * LOW HITPOINT WARNING * * *
A two-headed ogre comes into view.
It is wielding two +0 giant spiked clubs.
Maurice zaps a wand.
You suddenly lose the ability to move!
Maurice gestures wildly while chanting.
Maurice blinks!
You can move again.
The centaur warrior shoots an arrow.
The arrow hits you!
* * * LOW HITPOINT WARNING * * *
The centaur warrior shoots an arrow.
The arrow hits you!
You die... ###.#### ##.## ## #.# #.# # .. #.###########.## .. .. #..............# #.###@ #..............## cO...

#.#.............# #...
#.......>.∩......
##.c########...............
#.........@................
##..########...............
+... ##...####....... ##..
#.[)...###.....# ...
###....#.####...## ##..
#.........# ##'## ..#
#....)....####.### ..
#....>............
###......###.#.##.


You could see a centaur warrior.

Vanquished Creatures
  Prince Ribbit (D:5)
  Eustachio (D:6)
  4 humans (D:7)
  2 ice beasts (D:7)
  2 orc warriors (D:10)
  A sky beast (D:5)
  A black bear (D:5)
  A necrophage (D:6)
  3 ogres
  2 centaurs
  Blork the orc (D:6)
  2 bullfrogs
  4 scorpions
  A wyvern skeleton (D:5)
  A wyvern zombie (D:6)
  3 wights
  A gnoll shaman (D:5)
  4 bullfrog zombies
  2 bullfrog skeletons (D:5)
  A centaur skeleton (D:7)
  2 hounds
  2 iguanas
  3 orc wizards
  2 killer bee zombies (D:6)
  2 howler monkey zombies (D:6)
  14 gnolls
  6 adders
  2 shadow imps
  A white imp (D:7)
  An ufetubus (D:6)
  An adder zombie (D:4)
  A worm (D:3)
  2 adder skeletons
  2 dart slugs
  12 orcs
  8 endoplasms
  3 giant cockroaches
  11 goblins
  11 hobgoblins
  4 jackals (D:4)
  2 quokkas
  6 ball pythons
  8 bats
  7 kobolds
  6 rats
157 creatures vanquished.

Notes
Turn   | Place    | Note
-------+----------+-------------------------------------------
     0 | D:1      | pkoi the Demigod Gladiator began the quest for the Orb.
     0 | D:1      | Reached XP level 1. HP: 17/17 MP: 3/3
    78 | D:1      | Reached skill level 3 in Unarmed Combat
   386 | D:1      | Reached XP level 2. HP: 4/24 MP: 4/4
   386 | D:1      | Gained mutation: Your muscles are strong. (Str +2) [potion
                  | of mutation]
   386 | D:1      | Lost mutation: Your muscles are strong. (Str +2) [potion of
                  | mutation]
   386 | D:1      | Gained mutation: You have sharp toenails. [potion of
                  | mutation]
  1199 | D:2      | Reached XP level 3. HP: 29/29 MP: 5/5
  1214 | D:2      | Reached skill level 4 in Unarmed Combat
  2327 | D:3      | Reached skill level 1 in Armour
  2530 | D:3      | Reached XP level 4. HP: 33/36 MP: 6/6
  3179 | D:3      | Learned a level 1 spell: Apportation
  3356 | D:3      | Reached skill level 5 in Unarmed Combat
  3362 | D:3      | Reached XP level 5. HP: 36/41 MP: 7/7
  4109 | D:4      | Found a runed translucent gate.
  4109 | D:4      | Found a runed translucent gate.
  4109 | D:4      | Found a runed translucent gate.
  4109 | D:4      | Noticed firemarshallily's ghost (weakling DsDe)
  4330 | D:3      | Reached XP level 6. HP: 35/48 MP: 8/8
  4822 | D:5      | Entered Level 5 of the Dungeon
  4875 | D:5      | Reached skill level 6 in Unarmed Combat
  5003 | D:5      | Noticed Prince Ribbit
  5026 | D:5      | Killed Prince Ribbit
  5027 | D:5      | Reached XP level 7. HP: 35/53 MP: 9/9
  5161 | D:5      | Reached skill level 7 in Unarmed Combat
  6083 | D:5      | Reached XP level 8. HP: 62/62 MP: 5/11
  6396 | D:5      | Reached skill level 8 in Unarmed Combat
  6622 | D:6      | Reached skill level 1 in Spellcasting
  6672 | D:6      | Noticed Blork the orc
  6708 | D:6      | Learned a level 3 spell: Ignite Poison
  6731 | D:6      | Killed Blork the orc
  7080 | D:6      | Found Egowotty's Fire Supplies.
  7102 | D:6      | Noticed Eustachio
  7151 | D:6      | Killed Eustachio
  7152 | D:6      | Reached skill level 5 in Armour
  7679 | D:6      | Found a staircase to the Ecumenical Temple.
  7688 | Temple   | Entered the Ecumenical Temple
  8324 | D:6      | Reached skill level 9 in Unarmed Combat
  8748 | D:7      | Noticed a boulder beetle
  8798 | D:6      | Reached XP level 9. HP: 36/69 MP: 13/16
  9212 | D:7      | Reached skill level 1 in Evocations
  9545 | D:7      | Learned a level 3 spell: Call Canine Familiar
  9571 | D:6      | Reached skill level 1 in Transmutations
  9571 | D:6      | Reached skill level 1 in Poison Magic
  9978 | D:7      | Reached skill level 1 in Fire Magic
 10053 | D:7      | Noticed Joseph
 10470 | D:7      | You fall into a shaft and drop 3 floors!
 10470 | D:10     | Entered Level 10 of the Dungeon
 10739 | D:10     | Found a staircase to the Orcish Mines.
 10743 | D:10     | Found Wogusuoba's Weapon Emporium.
 10941 | D:10     | Noticed Maurice
 10941 | D:10     | Noticed a centaur warrior
 10941 | D:10     | Paralysed by Maurice for 2 turns
 10943 | D:10     | Noticed a two-headed ogre
 10946 | D:10     | Paralysed by Maurice for 2 turns
 10949 | D:10     | Shot with an arrow by a centaur warrior

Illustrated notes

Levels and vault maps discovered:
D:1:      dpeg_arrival_pond, layout_loops_ring
D:2:      layout_basic, basic_altar
D:3:      layout_loops_ring, minmay_surrounded
D:4:      layout_basic, nicolae_yredelemnul_ghost_church,
          hangedman_decor_peaks_small
D:5:      layout_loops_ring, minivault_23, uniq_prince_ribbit1
D:6:      layout_basic, lemuel_temple_firewalk_a, st_stairs_12,
          nicolae_shop_fire_sale [nicolae_sub_dead_trees], uniq_blork_the_orc,
          uniq_eustachio
D:7:      layout_gridville, minmay_ruffians, uniq_joseph
D:10:     layout_loops_corners, orc_david_3, onia_ninara_cookie, uniq_maurice
Temple:   mainiacjoe_temple_starburst

Skill      XL: |  1  2  3  4  5  6  7  8  9 |
---------------+----------------------------+-----
Unarmed Combat | 3 4 5 6 7 9 |  9.7
Armour         | 1 2 3 4 5 6 |  6.0
Fighting       | 2 3 |  3.0
Spellcasting   | 2 3 |  3.3
Evocations     | 2 |  2.3
Transmutations | 1 |  1.2
Poison Magic   | 1 |  1.2
Fire Magic     | 1 |  1.2
Throwing       | |  1.7
Dodging        | |  2.6
Summonings     | |  0.6

Action                   |  1- 3 |  4- 6 |  7- 9 || total
-------------------------+-------+-------+-------++-------
Melee: Unarmed           |    47 |    34 |   260 ||   341
       Mace              |    61 |   138 |    14 ||   213
       Kick              |    18 |       |       ||    18
       Punch             |     2 |     5 |    19 ||    26
 Fire: Hunting sling     |       |     2 |       ||     2
Throw: Throwing net      |     1 |       |       ||     1
 Cast: Ignite Poison     |       |       |     2 ||     2
  Use: Potion            |     1 |     3 |       ||     4
       Scroll            |       |     7 |     3 ||    10
 Stab: Sleeping          |     1 |       |       ||     1
Armor: Leather armour    |    15 |       |     7 ||    22
       Ring mail         |    31 |    61 |       ||    92
       Plate armour      |       |    37 |   189 ||   226
Dodge: Dodged            |    69 |    83 |   103 ||   255
